 Dungeon Crawl Stone Soup version 0.31-a0-1278-g11c5b68f87 (webtiles) character file.

Game seed: 2784412586281298278

78 timneilson the Ruffian (level 4, -1/36 HPs)
             Began as a Draconian Shapeshifter on Dec 17, 2023.
             Killed from afar by Sigmund (10 damage)
             ... with a magic dart
             ... on level 2 of the Dungeon.
             The game lasted 00:02:02 (1170 turns).

timneilson the Ruffian (Draconian Shapeshifter)     Turns: 1170, Time: 00:02:03

Health: -1/36      AC:  5    Str: 18    XL:     4   Next: 15%
Magic:  4/4        EV: 12    Int: 11    God:
Gold:   665        SH:  0    Dex: 10    Spells: 3/3 levels left

rFire   . .          .
                       - Unarmed
rCold   . . .        (no shield)
rNeg    . . .        (body armour unavailable)
rPois   .            (helmet currently unavailable)
rElec   .            (cloak currently unavailable)
rCorr   .            (gloves currently unavailable)
SInv    .            (boots currently unavailable)
Will    .....        (no amulet)
Stlth   +            (no ring)
HPRegen 0.26/turn    (no ring)
MPRegen 0.09/turn

%: no passive effects
@: confused, beast-form
A: beast (slay +2), AC +5, unfitting armour, cold-blooded
a: Begin Untransformation


You were on level 2 of the Dungeon.
You were a hulking beast.
You visited 1 branch of the dungeon, and saw 2 of its levels.

You collected 665 gold pieces.

Inventory:

Talismans
 b - a beast talisman
 c - a flux talisman
Potions
 a - a potion of lignification
 e - 2 potions of attraction {unknown}
 f - 2 potions of degeneration {unknown}
 i - a potion of haste {unknown}


   Skills:
 * Level 2.0 Fighting
 * Level 2.4 Dodging
 + Level 1.0 Stealth
 * Level 3.5 Unarmed Combat
 * Level 3.5 Shapeshifting


You had 3 spell levels left.
You didn't know any spells.
Your spell library contained the following spells:

 Spells                   Type           Power      Damage    Failure   Level
 Cigotuvi's Dreadful Rot  Necr/Pois/Air  0%         N/A       47%         2
 Ignite Poison            Fire/Tmut/Pois 0%         N/A       71%         3
 Freezing Cloud           Conj/Ice/Air   0%         6-21      100%        5


Dungeon Overview and Level Annotations

Branches:
Dungeon (2/15)

Altars:
Makhleb

Annotations:
D:2 Sigmund


Innate Abilities, Weirdness & Mutations

You are a hulking beast.
Your limbs bulge with bestial killing power. (Slay +2)
Your plain brown scales are hard. (AC +5)
You cannot fit into any form of body armour.
You are cold-blooded and may be slowed by cold attacks.


Message History

You hit the quokka.
The quokka is severely wounded.
The quokka bites you but does no damage.
You punch the quokka!
You kill the quokka!
No target in view!
No target in view!
No target in view!
No target in view!
No target in view!
No target in view!
No target in view!
No target in view!
No target in view!
You see here a quokka corpse.
Sigmund the Dreaded comes into view.
He is wielding a +0 scythe.
Sigmund shouts!
Sigmund casts a spell.
Sigmund flickers and vanishes!
Deactivating autopickup; reactivate with Ctrl-A.
A puff of flame appears from out of thin air!
The puff of flame hits you! Something hits you.
You miss something.
You hear some strange, mumbled words.
A magic dart appears from out of thin air!
The magic dart hits you.
You hit something.
You hear some strange, mumbled words.
You are confused.
You hit something but do no damage. Something hits you!
* * * LOW HITPOINT WARNING * * *
You're too confused to move!
You hit something. Something hits you.
* * * LOW HITPOINT WARNING * * *
You bump into the rock wall.
You hear some strange, mumbled words.
A magic dart appears from out of thin air!
The magic dart hits you!
You die...

.#####.####### .#
......#......# .#
.#####.#.#.#.####.###
.###....<...........
..†..#.#.#.#..#...
######.#....#.#.#######
######.###.###.........
............#.#.######
######.#####....h.#
#...#####.#.#{#
#.#.......#.....
#...#####.###.### #####
#. .# ## ##


There were no monsters in sight!

Vanquished Creatures
  2 gnolls (D:1)
  An adder (D:2)
  A worm (D:2)
  A dart slug (D:2)
  5 bats (D:1)
  8 endoplasms
  2 giant cockroaches
  2 goblins (D:1)
  4 jackals (D:1)
  2 quokkas
  6 ball pythons (D:1)
  A frilled lizard (D:1)
  3 kobolds (D:1)
  3 rats (D:1)
41 creatures vanquished.

Notes
Turn   | Place    | Note
-------+----------+-------------------------------------------
     0 | D:1      | timneilson the Draconian Shapeshifter began the quest for
                  | the Orb.
     0 | D:1      | Reached XP level 1. HP: 16/16 MP: 1/1
   166 | D:1      | Reached XP level 2. HP: 16/23 MP: 2/2
   357 | D:1      | Reached XP level 3. HP: 5/29 MP: 3/3
   930 | D:1      | Identified a scroll of acquirement
   930 | D:1      | Acquired 582 gold pieces
  1002 | D:2      | Reached skill level 1 in Stealth
  1002 | D:2      | Reached XP level 4. HP: 28/36 MP: 4/4
  1103 | D:2      | Found a burning altar of Makhleb.
  1160 | D:2      | Noticed Sigmund
  1170 | D:2      | Killed from afar by Sigmund

Illustrated notes

Levels and vault maps discovered:
D:1:      nzn_arrival_settlement, layout_loops_ring, minmay_heptomino_h4
D:2:      layout_loops_ring, basic_altar, uniq_sigmund

Skill      XL: |  1  2  3  4 |
---------------+-------------+-----
Dodging        | 2 |  2.4
Stealth        | 1 |  1.0
Fighting       | 2 |  2.0
Unarmed Combat | |  3.5
Shapeshifting  | |  3.5

Action                     |  1- 3 |  4- 6 || total
---------------------------+-------+-------++-------
  Melee: Unarmed           |    97 |    17 ||   114
         Tailslap          |     7 |     4 ||    11
         Punch             |     2 |     3 ||     5
    Use: Scroll            |     3 |       ||     3
 Armour: Skin              |    60 |    11 ||    71
  Dodge: Dodged            |    89 |     4 ||    93

Table legend: (Time is in decaauts)
 A = Elapsed time spent in this place.
 B = Non-inter-level travel time spent in this place.
 C = Inter-level travel time spent in this place.
 D = Time resting spent in this place.
 E = Time spent auto-exploring this place.
 F = Levels seen in this place.
 G = Mean time per level.
                   A        B        C        D        E       F      G
               +--------+--------+--------+--------+--------+-----+--------+
         Total |   1164 |   1150 |     14 |     31 |    886 |   2 |  582.0 |
       Dungeon |   1164 |   1150 |     14 |     31 |    886 |   2 |  582.0 |
               +--------+--------+--------+--------+--------+-----+--------+

Top non-repeatable levels by time:
     D:1: 975 daAuts
     D:2: 188 daAuts
